 Dungeon Crawl Stone Soup version 0.27-a0-1154-gfdeffcb720 (webtiles) character file.

Game seed: 10386020210311966755

1311 avis the Chopper (level 8, -4/68 HPs)
             Began as a Hill Orc Monk on May 15, 2021.
             Was a Priest of Beogh.
             Slain by an orc warrior
             ... wielding a +0 halberd
              (16 damage)
             ... in a bailey.
             The game lasted 00:31:21 (7306 turns).

avis the Chopper (Hill Orc Monk)                    Turns: 7306, Time: 00:31:24

Health: -4/68      AC: 10    Str: 16    XL:     8   Next: 58%
Magic:  12/12      EV:  7    Int: 10    God:    Beogh [***...]
Gold:   474        SH:  0    Dex: 13    Spells: 7/7 levels left

rFire    . . .     SeeInvis .   a - +0 hand axe (elec)
rCold    . . .     Faith    .   (no shield)
rNeg     . . .     Spirit   .   z - +0 chain mail
rPois    +         Reflect  .   (no helmet)
rElec    .         Harm     .   q - +0 cloak
rCorr    .         Rampage  .   i - +0 pair of gloves
Will     .....                  (no boots)
Stlth    ..........             (no amulet)
HPRegen  0.21/turn              H - ring of poison resistance
MPRegen  0.13/turn              (no ring)

@: no status effects
A: no striking features
a: Renounce Religion, Smiting


You were in a bailey.
You worshipped Beogh.
Beogh was most pleased with you.
You visited 2 branches of the dungeon, and saw 8 of its levels.
You also visited: Bailey.

You collected 474 gold pieces.

Inventory:

Hand Weapons
 a - a +0 hand axe of electrocution (weapon)
 b - a +7 club
 c - a +0 war axe
 s - a +0 spear
 v - a +0 trident
 w - a +0 mace of holy wrath
 C - a +4 quarterstaff of chaos
 D - a +0 trident
 I - a +0 halberd
Missiles
 g - 47 poisoned darts (quivered)
 B - 30 bolts
 E - 32 arrows
Armour
 i - a +0 pair of gloves (worn)
 m - a +0 plate armour
 q - a +0 cloak (worn)
 u - a +0 chain mail
 y - a +0 chain mail
 z - a +0 chain mail (worn)
Magical Staves
 A - a staff of poison
Jewellery
 H - a ring of poison resistance (left hand)
Wands
 F - a wand of mindburst (8)
Scrolls
 e - a scroll of magic mapping {unknown}
 f - a scroll of enchant armour {unknown}
 n - a scroll of summoning {unknown}
 o - 3 scrolls of teleportation {unknown}
 r - a scroll of immolation {unknown}
Potions
 d - a potion of heal wounds
 h - a potion of brilliance {unknown}
 j - a potion of lignification {unknown}
 k - 3 potions of mutation
 l - a potion of ambrosia
 p - a potion of degeneration {unknown}
 t - 2 potions of might {unknown}
 x - 3 potions of curing
 G - a potion of magic {unknown}


   Skills:
 - Level 5.2 Fighting
 + Level 7.7(9.4) Axes
 * Level 7.1(8.3) Maces & Flails
 - Level 2.4 Dodging
 - Level 1.5 Stealth
 + Level 6.0 Invocations


You had 7 spell levels left.
You didn't know any spells.
Your spell library contained the following spells:

 Spells                   Type           Power      Damage    Failure   Level
 Animate Skeleton         Necr           0%         N/A       100%        1
 Apportation              Tloc           0%         N/A       100%        1
 Corona                   Hex            0%         N/A       100%        1
 Summon Small Mammal      Summ           0%         N/A       100%        1
 Slow                     Hex            0%         N/A       100%        2
 Inner Flame              Hex/Fire       0%         N/A       100%        3
 Portal Projectile        Hex/Tloc       0%         N/A       100%        3
 Cause Fear               Hex            0%         N/A       100%        4
 Leda's Liquefaction      Hex/Erth       0%         N/A       100%        4


Dungeon Overview and Level Annotations

Branches:
Dungeon (7/15)             Temple (1/1) D:4          Bailey (1/1)

Altars:
Ashenzari
Cheibriados
Gozag
Nemelex Xobeh
Qazlal
Sif Muna
Xom
Yredelemnul
Zin


Message History

The orc warrior is lightly wounded.
You closely miss the orc.
The orc warrior hits you from afar with a +0 halberd!
Your orc hits the orc warrior with a +0 hand axe.
Your orc hits the orc with a +0 hand axe.
The orc dies!
Beogh accepts your kill.
Your orc barely misses the orc warrior.
The orc warrior hits you with a +0 trident.
The orc hits you but does no damage.
The orc warrior hits you from afar with a +0 trident.
Your chain mail prevents you from hitting the orc warrior.
The orc warrior is lightly wounded.
The orc warrior hits you from afar with a +0 halberd!
* * * LOW HITPOINT WARNING * * *
Your orc hits the orc warrior from afar with a +0 trident.
Your orc hits the orc warrior with a +0 hand axe.
Your orc hits the orc warrior but does no damage.
The orc warrior closely misses you. The orc hits you but does no damage.
The orc warrior barely misses you.
You swap places.
Your orc hits the orc warrior with a +0 trident.
Your orc closely misses the orc warrior. x2
Your orc barely misses the orc warrior.
The orc warrior barely misses you.
Your orc hits the orc warrior from afar with a +0 spear.
The orc warrior closely misses you. What are your orders? t - Shout!
Orders for allies: a - Attack new target. r - Retreat! s - Stop attacking. g - Guard the area. f - Follow me.
Anything else - Cancel.
Gang up on whom?
Press: ? - help, Dir - move target, f - orc warrior
Aim: an orc warrior, wielding a +0 trident and wearing a +0 ring mail (moderately wounded) Attack!
Your orc hits the orc warrior from afar with a +0 trident.
The orc warrior hits you from afar with a +0 halberd!
You die...
Beogh appreciates the orc warrior's killing of a heretic priest.

##+++##
##.....##
#.)..)).#
#...))..#
#...o...#
#..ooo..#
#..o.o..#
##..@o.##
###o###
#o..#
#...#
#...#
#...#
###'###
##.....##
#.......#


You could see 3 orc warriors, an orc and 5 friendly orcs.

Vanquished Creatures
  An orc warrior (Bailey)
  A centaur (D:6)
  A phantom (D:5)
  An ogre (D:5)
  A gnoll sergeant (D:5)
  2 scorpions
  A wyvern skeleton (D:6)
  A jelly (D:6)
  Crazy Yiuf (D:3)
  4 orc priests
  2 bullfrog skeletons
  A centaur skeleton (D:5)
  A gnoll shaman (D:3)
  2 iguanas (D:5)
  Jessica (D:3)
  3 orc wizards
  6 gnolls
  13 adders
  A white imp (D:6)
  An adder skeleton (D:5)
  A worm (D:4)
  5 dart slugs
  15 orcs
  4 endoplasms
  2 giant cockroaches
  10 goblins
  6 hobgoblins
  A quokka (D:2)
  11 ball pythons
  4 bats
  8 kobolds
  4 rats
116 creatures vanquished.

Vanquished Creatures (collateral kills)
  An orc warrior (Bailey)
  An adder (D:6)
  3 orcs
5 creatures vanquished.

Vanquished Creatures (others)
  An orc wizard (D:6)
  A gnoll (D:3)
  13 orcs
  A ball python (D:3)
  A giant cockroach (D:3)
  A goblin (D:3)
  A rat (D:3)
  3 fungi (D:3)
  55 plants (D:3)
77 creatures vanquished.

Grand Total: 198 creatures vanquished

Notes
Turn   | Place    | Note
-------+----------+-------------------------------------------
     0 | D:1      | avis the Hill Orc Monk began the quest for the Orb.
     0 | D:1      | Reached XP level 1. HP: 19/19 MP: 1/1
   108 | D:1      | Reached XP level 2. HP: 19/27 MP: 2/2
   621 | D:1      | Reached skill level 5 in Axes
   697 | D:1      | Reached XP level 3. HP: 27/33 MP: 3/3
  1005 | D:1      | Found a faded altar of an unknown god.
  1548 | D:2      | Found a shimmering altar of Xom.
  1875 | D:2      | Noticed a scorpion
  1898 | D:2      | Killed a scorpion
  1899 | D:2      | Reached XP level 4. HP: 12/41 MP: 4/4
  2321 | D:2      | Reached XP level 5. HP: 39/47 MP: 5/5
  2798 | D:3      | Noticed Jessica
  2816 | D:3      | Killed Jessica
  2817 | D:3      | Reached skill level 5 in Fighting
  3026 | D:3      | Became a worshipper of Beogh the Brigand
  3026 | D:3      | Reached * piety under Beogh
  3026 | D:3      | Reached ** piety under Beogh
  3203 | D:3      | Reached skill level 1 in Maces & Flails
  3382 | D:3      | Reached skill level 1 in Invocations
  3535 | D:3      | Found a runed translucent door.
  3536 | D:3      | Noticed Crazy Yiuf
  3546 | D:3      | Killed Crazy Yiuf
  3547 | D:3      | Reached XP level 6. HP: 20/56 MP: 1/7
  4170 | D:4      | Found a staircase to the Ecumenical Temple.
  4204 | Temple   | Entered the Ecumenical Temple
  5088 | D:5      | Entered Level 5 of the Dungeon
  5099 | D:5      | Reached XP level 7. HP: 51/61 MP: 9/9
  5284 | D:5      | Reached skill level 5 in Maces & Flails
  5284 | D:5      | Reached *** piety under Beogh
  5958 | D:5      | Reached skill level 5 in Invocations
  5958 | D:5      | Reached XP level 8. HP: 52/68 MP: 11/11
  6042 | D:5      | Found a basalt altar of Yredelemnul.
  7169 | D:7      | Found a flagged portal.
  7196 | Bailey   | Entered a bailey
  7306 | Bailey   | Slain by an orc warrior

Illustrated notes

Levels and vault maps discovered:
D:1:      minmay_arrival_stone_box, layout_basic, ebering_ecumenical_altar_hall,
          serial_corexii_hall, chequers_hall_statues_y, corexii_hall_statues_l,
          corexii_hall_statues_x, corexii_hall_statues_l
D:2:      layout_rooms, basic_altar
D:3:      layout_rooms, serial_bayou, serial_bayou_lagoon_a,
          serial_bayou_pond_c, serial_bayou_pond_b, serial_bayou_pond_b,
          uniq_crazy_yiuf_cottage, uniq_jessica
D:4:      layout_rooms, minmay_temple_entry_offerings, grunt_ministairs_9
D:5:      layout_basic, kennysheep_mini_moat
D:6:      layout_basic
D:7:      layout_basic, chequers_temple_overflow_statue_of_worship,
          enter_bailey_2, chequers_serial_rivers_small_3, item_on_display_a
Temple:   eino_narrow_crystal_temple
Bailey:   bailey_polearm_5, bailey

Skill      XL: |  1  2  3  4  5  6  7  8 |
---------------+-------------------------+-----
Fighting       | 4 5 |  5.2
Axes           | 5 6 7 |  7.7
Maces & Flails | 2 4 6 7 |  7.1
Invocations    | 1 3 5 6 |  6.0
Dodging        | |  2.4
Stealth        | |  1.5

Action                   |  1- 3 |  4- 6 |  7- 9 || total
-------------------------+-------+-------+-------++-------
Melee: Hand axe          |   117 |    55 |    28 ||   200
       Club              |       |   141 |   103 ||   244
Invok: Smiting           |       |     1 |     1 ||     2
       Convert to Beogh  |       |     1 |       ||     1
  Use: Scroll            |     1 |     4 |       ||     5
       Potion            |     1 |       |       ||     1
 Stab: Sleeping          |     3 |     3 |       ||     6
       Distracted        |       |       |     1 ||     1
Armor: Robe              |    10 |       |       ||    10
       Leather armour    |    13 |    13 |       ||    26
       Plate armour      |       |     6 |       ||     6
       Chain mail        |       |    59 |    75 ||   134
Dodge: Dodged            |    63 |    76 |    48 ||   187

Table legend: (Time is in decaauts)
 A = Elapsed time spent in this place.
 B = Non-inter-level travel time spent in this place.
 C = Inter-level travel time spent in this place.
 D = Time resting spent in this place.
 E = Time spent auto-exploring this place.
 F = Levels seen in this place.
 G = Mean time per level.
                   A        B        C        D        E       F      G
               +--------+--------+--------+--------+--------+-----+--------+
         Total |   7345 |   7039 |    306 |   2829 |   2582 |   9 |  816.1 |
       Dungeon |   7223 |   6917 |    306 |   2777 |   2582 |   7 | 1031.9 |
        Temple |     12 |     12 |      0 |      0 |      0 |   1 |   12.0 |
        Bailey |    109 |    109 |      0 |     52 |      0 |   1 |  109.0 |
               +--------+--------+--------+--------+--------+-----+--------+

Top non-repeatable levels by time:
     D:3: 1832 daAuts
     D:1: 1688 daAuts
     D:5: 1123 daAuts
     D:2: 1052 daAuts
     D:6: 850 daAuts
     D:4: 622 daAuts
  Bailey: 109 daAuts
     D:7: 55 daAuts
  Temple: 12 daAuts
